Unix NetHack Version 3.7.0-89 Work-in-progress - last build Sep 25 2023 05:26:45 (48e034876007844a536bf88644040a71d2893410,branch:master). Game began 2023-09-22 21:24:47, ended 2023-09-26 17:02:42. unit327, chaotic male human Rogue A @ --------- |.......| |...@...|@ ----- a|@..@...| |... A|.......|A ----- --..--------- |aA|...&...| A| .....-- --...|.......| |@ ----.---- A| ....%..---....|.......| |...a..a.A..@@| ...%....%-..%..-..._...| ---....@....--- ....%...---...%|.......| -----|----- ..)%%%.-- --...|.......| -.@Aa.@. ---(---- --..--------- -....u.5. -------...- |... ...5 .... |........... ----- -........ --.......... -.......--.......... ----|----............ .....%.............. -------------------- Unit327 the Robber St:18/33 Dx:18 Co:18 In:11 Wi:18 Ch:13 Chaotic Astral Plane $:49 HP:205(229) Pw:79(79) AC:-31 Xp:17/1195952 T:41601 Satiated Latest messages: What do you want to dip the cursed Amulet of Yendor named REAL into? [rx or ?*] Your Amulet of Yendor named REAL glows amber. Death moves the giant ant out of the way! # What do you want to dip? [b-ei-prsu-wzA-FHKLOQS-UWXZ or ?*] Never mind. What do you want to use or apply? [bei-lnosuvzB-DFLTXZ or ?*] y - a blessed scroll of charging. What do you want to read? [y or ?*] As you read the scroll, it disappears. What do you want to charge? [eijnovB-DLTXZ or ?*] Your wand of wishing glows blue for a moment. Death moves the priestess of Issek out of the way! The priestess of Issek picks up a mace. What do you want to zap? [ijnovB-DTXZ or ?*] You may wish for an object. G - a potion of water. What do you want to zap? [ijnovB-DTXZ or ?*] You may wish for an object. Oops! The potion of water drops to the floor! There is an amber flash as a potion of water hits the altar. The guardian Angel of Kos swings her long sword at it. The guardian Angel of Kos hits it. The guardian Angel of Kos swings her long sword at it. The guardian Angel of Kos hits it. The guardian Angel of Kos hits it. It misses the guardian Angel of Kos. It misses the guardian Angel of Kos. The priestess of Issek picks up a robe. The Angel of Moloch points at you, then curses. What do you want to zap? [ijnovB-DTXZ or ?*] You may wish for an object. Oops! The potion of water drops to the floor! There is an amber flash as a potion of water hits the altar. What do you want to zap? [ijnovB-DTXZ or ?*] Nothing happens. The guardian Angel of Kos swings her long sword at the giant ant. The guardian Angel of Kos hits the giant ant. The giant ant is killed! You hear a mumbled curse. You hear a mumbled curse. The priestess of Issek picks up a small shield. You hear a mumbled curse. # What do you want to sacrifice? [H or ?*] You offer the Amulet of Yendor to Kos... An invisible choir sings, and you are bathed in radiance... The voice of Kos booms: "Mortal, thou hast done well!" "In return for thy service, I grant thee the gift of Immortality!" You ascend to the status of Demigod... Inventory: Coins ('$') $ - 49 gold pieces Amulets ('"') S - a cursed amulet of life saving (being worn) Weapons (')') Q - 20 uncursed +5 daggers (at the ready) K - an uncursed +6 silver saber (weapon in hand) A - the blessed rustproof +6 Stormbringer (alternate weapon; not wielded) Armor ('[') p - a blessed rustproof +4 helm of telepathy (being worn) m - a blessed +1 pair of gauntlets of dexterity (being worn) d - a blessed burnt +3 pair of speed boots (being worn) W - a blessed fireproof +3 cloak of magic resistance (being worn) P - a blessed +5 Hawaiian shirt with a hula dancer motif (being worn) h - a blessed +5 silver dragon scale mail (being worn) Comestibles ('%') U - 2 uncursed K-rations E - an uncursed lizard corpse Potions ('!') r - a blessed potion of full healing G - a potion of holy water Rings ('=') t - a blessed ring of free action (on right hand) O - an uncursed ring of levitation I - an uncursed ring of regeneration (on left hand) c - an uncursed ring of slow digestion Wands ('/') B - an uncursed wand of death (1:3) D - an uncursed wand of digging (0:7) i - an uncursed wand of digging (0:2) X - an uncursed wand of fire (0:4) Z - an uncursed wand of lightning (0:2) T - an uncursed wand of probing (0:5) j - an uncursed wand of striking (0:3) n - an uncursed wand of striking (0:0) C - an uncursed wand of teleportation (0:5) o - an uncursed wand of teleportation (0:0) v - an uncursed wand of wishing (1:0) Tools ('(') F - a blessed bag of holding containing 49 items l - an uncursed sack named emergency containing 3 items z - an uncursed bugle b - an uncursed blindfold L - an uncursed magic marker (0:47) k - the blessed Master Key of Thievery e - a blessed oil lamp (lit) s - an uncursed stethoscope u - a blessed +0 unicorn horn Gems/Stones ('*') w - a blessed luckstone Contents of the sack named emergency: a blessed scroll of remove curse a blessed scroll of scare monster a potion of holy water Contents of the bag of holding: an uncursed amulet of guarding an uncursed +0 shield of reflection 8 uncursed K-rations 2 uncursed lizard corpses an uncursed lizard corpse 8 blessed scrolls of blank paper 2 blessed scrolls of blank paper a blessed scroll of blank paper an uncursed scroll of blank paper 2 cursed scrolls of blank paper an uncursed scroll of charging an uncursed scroll of fire an uncursed scroll of identify an uncursed scroll of magic mapping 2 uncursed scrolls of remove curse 2 uncursed scrolls of stinking cloud an uncursed scroll of taming 2 blessed scrolls of teleportation 5 uncursed scrolls of teleportation a cursed scroll of teleportation 3 blessed potions of extra healing 3 blessed potions of full healing an uncursed potion of oil 2 uncursed diluted potions of paralysis an uncursed potion of restore ability an uncursed potion of speed 14 potions of holy water a potion of unholy water an uncursed ring of conflict an uncursed ring of fire resistance an uncursed ring of levitation an uncursed ring of polymorph an uncursed ring of polymorph control an uncursed ring of shock resistance an uncursed ring of stealth an uncursed ring of sustain ability an uncursed ring of teleportation an uncursed ring of warning an uncursed wand of cold (0:3) an uncursed wand of cold (0:0) an uncursed wand of digging (0:6) an uncursed wand of digging (0:5) an uncursed wand of fire (0:8) an uncursed wand of locking (0:6) an uncursed wand of speed monster (0:4) an uncursed wand of speed monster (0:3) an uncursed wand of speed monster (0:3) an uncursed wand of teleportation (0:2) an uncursed magic marker (1:4) Unit327 the Rogue's attributes: Background: You were a Robber, a level 17 male human Rogue. You were chaotic, on a mission for Kos who was opposed by Issek (lawful) and Mog (neutral). You were in the endgame, on the Astral Plane. You entered the dungeon 41601 turns ago. You had 1195952 experience points, 84048 more were needed to attain level 18. Basics: You had 205 out of 229 hit points. You had all 79 energy points (spell power). Your armor class was -31. Your wallet contained 49 zorkmids. Autopickup was on for '$?!/="+' plus thrown, with exceptions. Final Characteristics: Your strength was 18/33 (limit:18/100). Your dexterity was 18 (base:17, peak:18, limit:18). Your constitution was 18 (limit:18). Your intelligence was 11 (limit:18). Your wisdom was 18 (limit:18). Your charisma was 13 (limit:18). Final Status: You were satiated. You were unencumbered. You were wielding a saber. You were skilled in saber. Final Attributes: You were the Glory of Arioch. You were piously aligned. You were magic-protected. You were fire resistant. You were cold resistant. You were sleep resistant. You were disintegration resistant. You were shock resistant. You were poison resistant. You saw invisible. You were telepathic. You were warned. You had automatic searching. You were invisible to others. You were stealthy. You had teleport control. You regenerated. You had a moderate defense bonus (+8). You were warded. You took half physical damage. You were very fast. You had reflection. You had free action. Your life would have been saved. You were extremely lucky. You had extra luck. Good luck did not time out for you. You survived. Miscellaneous: You never encountered a bones level. Total elapsed playing time was 22 hours, 30 minutes and 51 seconds. Major events: Turn 1: unit327 the chaotic male human Rogue entered the dungeon 565: entered the Gnomish Mines 873: attained the rank of Cutpurse (level 3) 2965: attained the rank of Rogue (level 6) 4941: was bestowed with Sting by Kos 6255: reached Mine Town 9064: entered Sokoban 10864: completed 1st Sokoban level 11440: completed 2nd Sokoban level 11711: completed 3rd Sokoban level 11851: attained the rank of Pilferer (level 10) 12932: completed 4th Sokoban level 13117: acquired the Sokoban bag of holding 15599: was bestowed with Trollsbane by Kos 15610: chose a runed broadsword to be named "Orcrist" 16440: performed his first genocide (shocking spheres) 19140: was chosen to steal souls for the Glory of Kos 19140: was bestowed with Stormbringer 22022: killed Medusa 23263: made his first wish - "2 blessed charging", got "a scroll called duam $300" 23263: wished for "blessed greased fixed +3 cloak of magic resistance", got "a greased ornamental cope" 23553: entered Gehennom 24084: attained the rank of Robber (level 14) 25854: wished for "blessed ring of free action", got "an iron ring" 26785: killed the Master Assassin 26785: found the Master Key of Thievery carried by a monster 26787: acquired the Bell of Opening 28272: bribed Asmodeus with 15 zorkmids for safe passage 28310: killed Juiblex 30620: was bestowed with Werebane by Kos 30745: genocided class L 32149: bribed Baalzebub with 100 zorkmids for safe passage 33522: killed Orcus 35192: wished for "blessed greased fixed +3 helm of telepathy", got "a greased visored helmet" 35263: destroyed Vlad the Impaler 35265: acquired the Candelabrum of Invocation 37083: genocided class h 37084: wished for "uncursed magic marker", got "a magic marker" 37248: wished for "uncursed magic marker", got "a magic marker" 38774: killed the Wizard of Yendor 38775: acquired the Book of the Dead 38808: performed the invocation 38986: killed the Wizard of Yendor (2nd time) 39149: killed the high priest of Moloch 39154: acquired The Amulet of Yendor 39549: killed the Wizard of Yendor (3rd time) 41146: entered the Elemental Planes 41146: entered Plane of Earth 41148: killed the Wizard of Yendor (5th time) 41191: entered Plane of Air 41265: entered Plane of Fire 41293: entered Plane of Water 41313: genocided class ; 41510: entered the Astral Plane 41521: killed Famine 41544: killed Famine (2nd time) 41561: killed Famine (3rd time) 41581: killed Death 41596: wished for "61 holy water", got "a potion of water" 41598: wished for "61 holy water", got "a potion of water" 41599: wished for "61 holy water", got "a potion of water" 41599: wished for "61 holy water", got "a potion of water" 41601: ascended Vanquished creatures: Orcus Juiblex the Wizard of Yendor (5 times) Death Famine (thrice) Vlad the Impaler an arch-lich a high cleric 2 mastodons Medusa 11 krakens an iron golem a master lich 2 storm giants a balrog 6 purple worms 2 gold dragons a silver dragon 6 red dragons 2 white dragons 3 orange dragons 3 black dragons 3 green dragons 2 yellow dragons 24 minotaurs 3 jabberwocks the Master Assassin a baluchitherium 6 Angels a demilich 4 stone golems 19 Olog-hai 5 Nazgul 7 pit fiends 2 sandestins 2 hell hounds 7 displacer beasts 6 titanotheres 2 trappers 2 baby yellow dragons 13 guardian nagas 5 genetic engineers 2 disenchanters 23 vampire leaders 3 skeletons 12 aligned clerics 4 captains 6 shades 6 liches 3 clay golems 13 nurses 5 ice devils 3 nalfeshnees 5 lurkers above an Aleax 5 frost giants 2 ettins 3 black puddings 29 vampires 4 lieutenants 47 ghosts 6 queen bees 9 winged gargoyles 2 mind flayers 6 giant mimics 6 long worms 10 zruties 2 fire giants an ogre tyrant 3 ice trolls 15 rock trolls 4 umber hulks a flesh golem 3 elven monarchs 2 doppelgangers 11 hezrous 4 bone devils a large mimic 3 wumpuses 3 fire vortices a couatl 12 stalkers 6 air elementals 6 fire elementals an earth elemental 12 water elementals a hill giant 3 giant mummies 6 black nagas 6 xorns 21 giant zombies 3 elf-nobles 17 sergeants 6 barbed devils 12 vrocks 2 salamanders 8 wargs 3 winter wolves 5 hell hound pups 11 small mimics a glass piercer 4 warhorses 6 steam vortices 9 xans 2 ettin mummies 6 ogre leaders 4 quantum mechanics 16 trolls 3 sasquatches 2 wood golems 2 erinyes 6 mariliths 7 sharks 8 electric eels 5 gelatinous cubes 4 pyrolisks 5 large dogs a freezing sphere 7 flaming spheres 10 tigers 5 gargoyles 4 dwarf rulers 4 tengu 4 ochre jellies 10 leocrottas 6 energy vortices a mountain centaur 4 stone giants an elf mummy 2 human mummies 5 red nagas 3 green slimes 7 pythons 8 pit vipers 8 cobras 47 wraiths 2 carnivorous apes 16 ettin zombies 3 leather golems 5 Grey-elves 65 soldiers 3 amorous demons 6 horned devils 21 chameleons 2 crocodiles 7 giant beetles 5 quivering blobs 13 cockatrices 7 wolves 4 lynxes 4 panthers 7 gremlins 54 leprechauns 3 orc-captains 7 iron piercers 3 mumakil 11 giant spiders 4 scorpions 4 horses 8 black lights 10 vampire bats a forest centaur 3 orc mummies 3 dwarf mummies 3 ogres 2 brown puddings 8 rust monsters 9 owlbears 6 yetis 4 gold golems 3 werewolves 6 Green-elves 4 piranha 12 giant eels 4 lizards 10 chickatrices 5 dogs 3 housecats 4 jaguars 4 dwarf leaders 2 blue jellies a white unicorn a gray unicorn 2 black unicorns 3 dust vortices 6 ravens 3 plains centaurs 5 gnome mummies 5 snakes 4 apes 16 human zombies 3 rope golems 4 Woodland-elves 19 soldier ants 8 fire ants 5 bugbears an imp 10 lemures 2 quasits 2 wood nymphs 11 water nymphs 8 mountain nymphs 11 Mordor orcs 8 Uruk-hai an orc shaman 9 rock piercers 3 rock moles 6 ponies a fog cloud 8 yellow lights a shrieker 4 violet fungi 15 gnome leaders 9 gnomish wizards 4 kobold mummies 4 black naga hatchlings 2 gray oozes 7 barrow wights 24 elf zombies 13 ghouls 2 straw golems 3 paper golems 4 jellyfish 22 giant ants 2 little dogs 9 floating eyes a kitten 23 dwarves 5 kobold leaders 3 kobold shamans 23 hill orcs 9 rothes 2 rabid rats 4 centipedes 7 giant bats a monkey 26 orc zombies 10 dwarf zombies 2 wererats a werejackal 5 iguanas 76 killer bees 7 acid blobs 3 coyotes a gas spore 8 hobbits 10 manes a large kobold 10 hobgoblins a giant rat 3 cave spiders 4 brown molds 3 yellow molds a green mold 4 red molds 41 gnomes 19 garter snakes 18 gnome zombies 10 geckos 7 jackals 2 foxes 3 kobolds 6 goblins 5 sewer rats 7 grid bugs 10 bats 11 lichens 13 kobold zombies 9 newts 1884 creatures vanquished. Genocided species: arch-liches krakens master liches demiliches master mind flayers liches mind flayers sharks electric eels shocking spheres dwarf rulers piranha giant eels dwarf leaders bugbears jellyfish dwarves hobbits 18 species genocided. Voluntary challenges: You read items or engraved 101 times. You engraved Elbereth 7 times. You genocided 18 types of monsters. You never changed form. You used 10 wishes. You did not wish for any artifacts. You did not violate any of the special Sokoban rules. Achievements: You entered the Gnomish Mines. You attained the rank of Cutpurse. You attained the rank of Rogue. You entered Minetown. You entered a temple. You entered a shop. You entered Sokoban. You attained the rank of Pilferer. You completed Sokoban. You defeated Medusa. You learned the tune to open and close the Castle's drawbridge. You entered Gehennom. You attained the rank of Robber. You handled the Bell of Opening. You handled the Candelabrum of Invocation. You handled the Book of the Dead. You gained access to Moloch's Sanctum. You reached the Elemental Planes. You reached the Astral Plane. You delivered the Amulet of Yendor. You ascended! The Elemental Planes: Astral Plane: <- You are here. Some temples. Plane of Water: Plane of Fire: Plane of Air: Plane of Earth: The Dungeons of Doom: levels 1 to 28 Level 1: One way stairs up to The Elemental Planes. Level 2: A sink. Stairs down to The Gnomish Mines. Level 3: A grave. Level 4: A fountain. Level 5: Some fountains. Level 6: A scroll shop. Level 7: "stash vault" An altar to Kos. Level 8: A fountain. Level 9: Many fountains. Level 10: "water walking in shop" An armor shop, some fountains. Stairs up to Sokoban, level 9. Level 11: "vault" Level 12: A general store, a sink, a grave. Level 13: Many graves. Level 14: A fountain. Level 15: A primitive area. Portal to The Quest. Level 16: Some fountains. Level 17: Some sinks. Level 18: Level 19: A fountain, a sink, many graves. Level 20: A fountain. Level 21: A temple. Level 22: "empty stash" A fountain. Level 23: Level 24: "medusa" Some fountains, many trees. Level 25: "flayer statue" Level 26: Level 27: "spare luckstone" Level 28: "castle stash" The castle (play notes "DBFBE" to open or close drawbridge). Connection to Gehennom. Gehennom: levels 29 to 50 Level 29: "valley spare luckstone" A temple, many graves. Valley of the Dead. Level 30: Level 31: "asmo" Level 32: "jubbly's" A fountain. Level 33: "c in ice box" Level 34: Level 35: Level 36: "beezy's" Level 37: Stairs up to Vlad's Tower, level 36. Level 38: Level 39: Level 40: Level 41: Level 42: "orcustown" Some shops, an altar, some graves. Level 43: Level 44: "wiztowertop" Level 45: Level 46: Level 47: Level 48: "wizportal" Level 49: Level 50: A temple, many graves. Moloch's Sanctum. The Gnomish Mines: levels 3 to 8 Level 3: Level 4: Level 5: Level 6: Many shops, a temple to Kos, some fountains. Level 7: Level 8: The Quest: levels 1 to 5 Level 1: Completed quest for the Master of Thieves. Level 2: Level 3: Level 4: Level 5: Sokoban: levels 9 up to 6 Level 6: "cancel wand" Solved. Level 7: Solved. Level 8: Solved. Level 9: Solved. Vlad's Tower: levels 36 up to 34 Level 34: Level 35: Level 36: Goodbye unit327 the Demigod... You went to your reward with 1883004 points, The Master Key of Thievery (worth 3500 zorkmids and 8750 points) Stormbringer (worth 8000 zorkmids and 20000 points) 1 amulet of life saving (worth 150 zorkmids), 1 amulet of guarding (worth 150 zorkmids), and 49 pieces of gold, after 41601 moves. You were level 17 with a maximum of 229 hit points when you ascended.